Map: Ultralove

Players

Lemaflex

  • Race: Zerg Zerg
  • League: Platinum
  • Spawn Location: 7:00

ManlyManMeat - Winner!

  • Race: Zerg Zerg
  • League: Diamond
  • Spawn Location: 1:00

VOD

Have the link to the VOD?

Description

Time

  • Played on: July 1, 2025, 11:29 a.m.
  • Length: 5:54
Show
View Real Time Build Order
Export as new Build Order

Lemaflex Zerg 

Build Orders: Hatch First 

Get SALT Encoding   

  12  0:01  Drone  
  13  0:12  Overlord  
  13  0:16  Drone  
  14  0:31  Drone x2  
  16  0:36  Drone  
  17  0:53  Drone  
  17  0:56  Hatchery  
  17  0:57  Extractor  
  16  1:10  Spawning Pool  
  15  1:12  Drone  
  15  1:16  Drone  
  17  1:25  Drone  
  18  1:35  Overlord  
  18  1:46  Drone  
  19  1:50  Drone  
  20  1:58  Queen  
  20  2:00  Metabolic Boost  
  22  2:09  Queen  
  24  2:19  Drone x2  
  26  2:34  Zergling x4  
  28  2:42  Hatchery  
  27  2:47  Zergling x2  
  28  2:55  Overlord  
  28  3:19  Zergling x6  
  32  3:20  Zergling x6  
  32  3:23  Hatchery  
  33  3:30  Baneling Nest  
  32  3:36  Zergling x4  
  32  3:37  Zergling x6  
  37  4:16  Spine Crawler, Baneling x2  
  37  4:17  Baneling x2  
  34  4:19  Drone x2  
  34  4:20  Drone x6  
  36  4:42  Queen  
  36  4:43  Zergling x2  
  36  4:44  Zergling x8  
  37  4:54  Zergling x8  
  37  4:55  Drone x2  
  43  5:05  Zergling x8  
  43  5:30  Drone x7  
Show
View Real Time Build Order
Export as new Build Order

ManlyManMeat Zerg - Winner!

Build Orders: Hatch First, Zergling Baneling 

Get SALT Encoding   

  12  0:00  Drone  
  13  0:08  Drone  
  14  0:17  Extractor  
  14  0:18  Drone  
  15  0:21  Overlord  
  15  0:40  Drone  
  16  0:47  Hatchery  
  15  0:52  Drone  
  15  0:54  Drone  
  17  0:59  Drone  
  18  1:12  Spawning Pool  
  18  1:14  Extractor  
  18  1:16  Drone  
  17  1:22  Drone  
  18  1:30  Drone  
  19  1:37  Drone  
  20  2:01  Zergling x4  
  21  2:02  Queen x2  
  21  2:04  Overlord  
  26  2:13  Drone  
  26  2:14  Drone  
  28  2:26  Overlord  
  28  2:28  Drone  
  29  2:37  Hatchery  
  28  2:45  Baneling Nest  
  28  2:48  Drone  
  28  2:49  Drone  
  29  2:51  Zergling x2  
  29  2:54  Zergling x2  
  31  3:00  Metabolic Boost  
  31  3:08  Zergling x6  
  33  3:19  Drone x4  
  37  3:38  Drone x3  
  37  3:39  Drone  
  41  3:46  Overlord  
  43  3:56  Baneling x2  
  43  3:57  Baneling x3  
  43  3:59  Zergling x2  
  43  4:00  Zergling x8  
  44  4:15  Zergling x16  
  49  4:18  Spine Crawler  
  49  4:19  Spine Crawler  
  47  4:25  Zergling x6  
  47  4:26  Zergling x4  
  47  4:30  Baneling x3  
  51  4:32  Drone x2  
  50  4:43  Zergling x6  
  47  4:50  Zergling x2  
  47  4:51  Zergling x4  
  50  4:56  Evolution Chamber  
  49  5:03  Zergling x10  
  46  5:17  Zergling x10  
  50  5:23  Zergling x8  
  56  5:32  Baneling  
  56  5:33  Baneling x4  
Tags
 
Add a new tag
Caveats
  • Supply blocks, unpowered buildings, or Contaminate may cause inaccurate times.
  • Supply counts are checked every 10 seconds.